 Dungeon Crawl Stone Soup version 0.26-a0-1107-g6118521029 (webtiles) character file.

Game seed: 17733635083343477405

291 tilp the Changer (level 6, 0/39 HPs)
             Began as an Octopode Transmuter on Dec 16, 2020.
             Slain by a worker ant (7 damage)
             ... on level 4 of the Dungeon.
             The game lasted 00:09:03 (4119 turns).

tilp the Changer (Octopode Transmuter)              Turns: 4119, Time: 00:09:04

Health: 0/39       AC:  1    Str:  9    XL:     6   Next: 32%
Magic:  9/9        EV: 13    Int: 24    God:
Gold:   154        SH:  4    Dex: 12    Spells: 3/9 levels left

rFire    . . .     SeeInvis .     - Unarmed
rCold    + . .     Faith    .   g - +0 buckler
rNeg     . . .     Spirit   .   (helmet currently unavailable)
rPois    .         Reflect  .   (no amulet)
rElec    .         Harm     .   b - ring of protection from cold
rCorr    .         Rampage  .   h - +6 ring of intelligence
Will     .....                  (no ring)
Stlth    +++.......             (no ring)
HPRegen  0.13/turn              (no ring)
MPRegen  0.11/turn              (no ring)
                                (no ring)
                                (no ring)

@: lethally poisoned (0 -> -6), appendages
A: almost no armour, stealthy swim, amphibious, 8 rings, constrict 8, tentacle
spike 3, camouflage 1, gelatinous body 1
a: End Transformation


You were on level 4 of the Dungeon.
One of your tentacles had a temporary spike.
You visited 1 branch of the dungeon, and saw 4 of its levels.

You collected 154 gold pieces.

Inventory:

Missiles
 c - 29 stones
 k - 4 boomerangs (quivered)
Armour
 g - a +0 buckler (worn)
Jewellery
 b - a ring of protection from cold (left tentacle)
 h - a +6 ring of intelligence (right tentacle)
 o - an uncursed amulet of faith
Scrolls
 e - 3 scrolls of remove curse
 i - a scroll of fog {unknown}
Potions
 d - a potion of resistance
 f - 2 potions of curing
 j - a potion of might
 m - a potion of attraction
 n - a potion of lignification {unknown}


   Skills:
 - Level 2.0 Fighting
 - Level 2.0 Dodging
 - Level 4.0 Stealth
 + Level 2.3 Shields
 - Level 3.0 Unarmed Combat
 + Level 2.3 Spellcasting
 * Level 4.4 Transmutations


You had 3 spell levels left.
You knew the following spells:

 Your Spells              Type           Power        Failure   Level
a - Beastly Appendage     Tmut           ###...       2%          1
b - Wereblood             Tmut           ###.....     3%          2
c - Spider Form           Tmut/Pois      ##........   17%         3

Your spell library contained the following spells:

 Spells                   Type           Power        Failure   Level
 Ice Form                 Ice/Tmut       ##......     50%         4
 Blade Hands              Tmut           ###.......   54%         5


Dungeon Overview and Level Annotations

Branches:
Dungeon (4/15)
 Temple: D:4-7

Altars:

Annotations:
D:3 sky beast RHS (!)


Innate Abilities, Weirdness & Mutations

You cannot wear most types of armour.
You are very stealthy in the water. (Stealth+)
You are amphibious.
You can wear up to eight rings at the same time.
You can use your tentacles to constrict eight enemies at once.
Your skin changes colour to match your surroundings (Stealth+).
Your rubbery body absorbs attacks. (AC +1, EV +1)
One of your tentacles bears a large vicious spike.


Message History

You feel sick.
There is a stone staircase leading up here.
You miss the adder. Your grab misses the adder.
Your tentacle spike misses the adder.
You feel sick. The adder closely misses you.
You tentacle-slap the adder. You grab the adder.
You pierce the adder.
The adder is almost dead.
You constrict the adder.
You kill the adder!
Your shield prevents you from hitting the worker ant.
You grab the worker ant.
You pierce the worker ant, but do no damage.
The worker ant is heavily wounded.
You constrict the worker ant, but do no damage.
You feel sick. The worker ant barely misses you. x2
You barely miss the worker ant.
You squeeze the worker ant, but do no damage.
The worker ant is heavily wounded.
You constrict the worker ant.
You feel sick. The worker ant bites you!
You die...

#.........
##.##..#..
........ ....... #
#.##..# #.#
#.##..# ..
#.##..#..#
#.###.###........#
.......@B.......##
#########.###.###
#..[ ?# #######


You could see a worker ant.

Vanquished Creatures
  A howler monkey (D:2)
  2 orc priests (D:3)
  Jessica (D:3)
  2 orc wizards (D:3)
  3 adders
  4 worms
  2 dart slugs
  A leopard gecko (D:2)
  14 orcs
  A ball python (D:2)
  2 giant cockroaches
  4 goblins
  4 hobgoblins
  2 quokkas
  10 bats
  5 frilled lizards
  7 kobolds
  6 rats
71 creatures vanquished.

Vanquished Creatures (others)
  5 fungi (D:4)
5 creatures vanquished.

Grand Total: 76 creatures vanquished

Notes
Turn   | Place    | Note
-------+----------+-------------------------------------------
     0 | D:1      | tilp the Octopode Transmuter began the quest for the Orb.
     0 | D:1      | Reached XP level 1. HP: 13/13 MP: 3/3
   320 | D:1      | Reached XP level 2. HP: 18/18 MP: 3/5
   323 | D:1      | Learned a level 2 spell: Wereblood
   340 | D:1      | You fall into a shaft and drop 1 floor!
   514 | D:2      | Reached XP level 3. HP: 23/23 MP: 4/6
  2339 | D:2      | Reached XP level 4. HP: 27/28 MP: 5/7
  2647 | D:2      | Reached skill level 1 in Stealth
  2647 | D:2      | Reached skill level 1 in Shields
  2863 | D:3      | Reached XP level 5. HP: 14/34 MP: 5/8
  3186 | D:3      | Noticed a sky beast
  3317 | D:3      | Noticed Jessica
  3330 | D:3      | Killed Jessica
  3405 | D:3      | Learned a level 3 spell: Spider Form
  3504 | D:3      | Reached XP level 6. HP: 25/39 MP: 6/9
  4119 | D:4      | Slain by a worker ant

Illustrated notes

Levels and vault maps discovered:
D:1:      sevenhm_arrival_forest_fort_large_2, layout_basic
D:2:      layout_basic
D:3:      layout_basic, grunt_ministairs_2, kennysheep_jessica_study
D:4:      layout_loops_ring, serial_aquarium, aquarium_bridge_square
          [aquarium_subvault_bridge, aquarium_subvault_window,
          aquarium_subvault_bridge, aquarium_subvault_window],
          aquarium_bridge_straight [aquarium_subvault_bridge,
          aquarium_subvault_balcony, aquarium_subvault_bridge,
          aquarium_subvault_window], aquarium_window_corner, aquarium_window_1,
          aquarium_window_fake, aquarium_view_2e, aquarium_view_2b,
          uniq_eustachio, uniq_natasha, uniq_robin

Skill      XL: |  1  2  3  4  5 |
---------------+----------------+-----
Transmutations | 3 4 |  4.4
Stealth        | 2 4 |  4.0
Shields        | 1 2 |  2.3
Fighting       | 2 |  2.0
Dodging        | |  2.0
Unarmed Combat | |  3.0
Spellcasting   | |  2.3

Action                   |  1- 3 |  4- 6 || total
-------------------------+-------+-------++-------
Melee: Unarmed           |    85 |    86 ||   171
       Constrict         |    21 |    25 ||    46
       Kick              |    18 |    25 ||    43
       Tentacles         |     8 |    14 ||    22
Throw: Stone             |     9 |       ||     9
       Boomerang         |       |    11 ||    11
 Cast: Beastly Appendage |    31 |    16 ||    47
       Wereblood         |     1 |     2 ||     3
  Use: Scroll            |     3 |     4 ||     7
 Stab: Sleeping          |     7 |     3 ||    10
Armor: Skin              |     9 |     4 ||    13
Dodge: Dodged            |    54 |    42 ||    96
Block: Buckler           |       |     9 ||     9

Table legend: (Time is in decaauts)
 A = Elapsed time spent in this place.
 B = Non-inter-level travel time spent in this place.
 C = Inter-level travel time spent in this place.
 D = Time resting spent in this place.
 E = Time spent auto-exploring this place.
 F = Levels seen in this place.
 G = Mean time per level.
                   A        B        C        D        E       F      G
               +--------+--------+--------+--------+--------+-----+--------+
         Total |   4118 |   3872 |    246 |    956 |   1877 |   4 | 1029.5 |
       Dungeon |   4118 |   3872 |    246 |    956 |   1877 |   4 | 1029.5 |
               +--------+--------+--------+--------+--------+-----+--------+

Top non-repeatable levels by time:
     D:2: 1569 daAuts
     D:3: 1351 daAuts
     D:1: 1172 daAuts
     D:4: 23 daAuts
